 Dungeon Crawl Stone Soup version 0.22-a0-833-g8522bf8125 (console) character file.

195636 Lexodia the Brawler (level 18, -30/172 HPs)
             Began as a Troll Fighter on July 25, 2018.
             Was the Champion of Okawaru.
             Killed from afar by a deep elf annihilator (47 damage)
             ... with a poison arrow
             ... on level 3 of the Elven Halls.
             The game lasted 02:31:16 (26403 turns).

Lexodia the Brawler (Troll Fighter)                Turns: 26403, Time: 02:31:26

Health: -30/172    AC: 25    Str: 35    XL:     18   Next: 13%
Magic:  20/20      EV: 15    Int:  4    God:    Okawaru [******]
Gold:   3541       SH: 17    Dex: 11    Spells: 17/17 levels left

rFire    . . .     SeeInvis .     - Unarmed
rCold    + + +     Gourm    +   b - +3 shield
rNeg     . . .     Faith    .   E - +7 ice dragon scales
rPois    .         Spirit   .   O - +0 hat {MR+}
rElec    .         Reflect  .   S - scarf {rC+ rF+}
rCorr    .         Harm     .   (gloves unavailable)
MR       ++...                  (boots unavailable)
Stlth    ++........             D - amulet of the acrobat
HPRegen  0.78/turn              l - +6 ring of slaying
MPRegen  0.17/turn              a - ring of wizardry

@: lethally poisoned (-30 -> -37), heroism, drained
A: large, unfitting armour, antennae 1, claws 3, thin skeletal structure 1, fast
metabolism 3, gourmand, regeneration 1, shaggy fur 1, tough skin 2, subdued
magic 1
a: Heroism, Finesse, Renounce Religion


You were on level 3 of the Elven Halls.
You worshipped Okawaru.
Okawaru was exalted by your worship.
You were not hungry.

You visited 4 branches of the dungeon, and saw 26 of its levels.
You also visited: Bailey and Ice Cave.

You collected 3667 gold pieces.
You spent 126 gold pieces at shops.

Inventory:

Missiles
 H - a silver javelin
 N - a steel javelin (quivered)
 V - 2 throwing nets
 Y - 11 javelins
 Z - 28 curare-tipped needles
Armour
 b - a +3 shield (worn)
 g - a +2 hat of see invisible
 i - a +0 shield of protection
 s - the +0 cloak of Uceid {Int+2 SInv}
   (Okawaru gifted it to you on level 14 of the Dungeon)

   It affects your intelligence (+2).
   It lets you see invisible.
 E - +7 ice dragon scales (worn)
 G - the +0 cloak "Juluapayh" {rC+ rN++ Int-3 SInv}
   (Okawaru gifted it to you on level 11 of the Dungeon)

   It affects your intelligence (-3).
   It protects you from cold.
   It greatly protects you from negative energy.
   It lets you see invisible.
 M - a +0 cloak of magic resistance
 O - a +0 hat of magic resistance (worn)
 S - a scarf of resistance (worn)
Jewellery
 a - a ring of wizardry (right claw)
 l - a +6 ring of slaying (left claw)
 x - an uncursed ring of see invisible
 D - an amulet of the acrobat (around neck)
 L - an uncursed ring of protection from fire
 Q - an uncursed ring of poison resistance
 T - a +3 ring of intelligence
Wands
 j - a wand of flame (79)
 w - a wand of clouds (1)
 I - a wand of polymorph (16)
 P - a wand of iceblast (14)
 R - a wand of digging (12)
 U - a wand of disintegration (12)
 X - a wand of enslavement (10)
Scrolls
 e - 3 scrolls of fear
 m - 4 scrolls of summoning
 n - 5 scrolls of fog
 q - 7 scrolls of teleportation
 C - 11 scrolls of identify
 J - 4 scrolls of remove curse
 W - 2 scrolls of holy word
Potions
 c - 7 potions of might
 f - a potion of haste
 h - 5 potions of curing
 p - 4 potions of resistance
 t - 2 potions of magic
 u - 2 potions of heal wounds
 v - a potion of cancellation
 z - 4 potions of berserk rage
 B - 2 potions of agility
 F - a potion of lignification
 K - 4 potions of brilliance
Miscellaneous
 y - a lamp of fire
Comestibles
 d - 49 rations


   Skills:
 + Level 9.5(14.4) Fighting
 + Level 10.8(15.7) Throwing
 * Level 11.4(16.3) Armour
 + Level 9.5(14.4) Dodging
 + Level 9.5(14.4) Shields
 * Level 19.3(24.1) Unarmed Combat
 - Level 5.1(5.0) Invocations
 - Level 5.0(4.9) Evocations


You had 17 spell levels left.
You didn't know any spells.
Your spell library contained the following spells:

 Spells                   Type           Power        Failure   Level  Hunger
 Magic Dart               Conj           #...         32%         1    ##.....
 Conjure Flame            Conj/Fire      #.......     67%         3    ####...
 Bolt of Cold             Conj/Ice       #.........   100%        6    #######
 Throw Frost              Conj/Ice       #.....       45%         2    ###....
 Freezing Cloud           Conj/Ice/Air   #.........   100%        6    #######
 Mephitic Cloud           Conj/Pois/Air  #.......     67%         3    ####...
 Ring of Flames           Chrm/Fire      #.........   100%        7    #######
 Venom Bolt               Conj/Pois      #.........   100%        5    ######.
 Olgreb's Toxic Radiance  Pois           #.......     96%         4    #####..
 Iskenderun's Mystic Bla  Conj           #.......     96%         4    #####..
 Freeze                   Ice            #...         32%         1    ##.....
 Ozocubu's Refrigeration  Ice            #.........   100%        6    #######
 Summon Ice Beast         Ice/Summ       #.......     96%         4    #####..
 Ozocubu's Armour         Chrm/Ice       #.......     67%         3    ####...
 Sting                    Conj/Pois      #...         32%         1    ##.....
 Spider Form              Tmut/Pois      #.........   67%         3    ####...
 Blade Hands              Tmut           #.........   100%        5    ######.
 Ice Form                 Ice/Tmut       #.......     96%         4    #####..
 Deflect Missiles         Chrm/Air       #.........   100%        6    #######
 Throw Icicle             Conj/Ice       #.......     96%         4    #####..
 Sticks to Snakes         Tmut           #.......     45%         2    ###....
 Metabolic Englaciation   Hex/Ice        #.........   100%        5    ######.
 Silence                  Hex/Air        #.........   100%        5    ######.
 Simulacrum               Ice/Necr       #.........   100%        6    #######
 Conjure Ball Lightning   Conj/Air       #.........   100%        6    #######
 Tornado                  Air            #.........   100%        9    #######
 Beastly Appendage        Tmut           #.....       32%         1    ##.....
 Fulminant Prism          Conj/Hex       #.........   96%         4    #####..
 Dazzling Spray           Conj/Hex       #.....       67%         3    ####...
 Force Lance              Conj/Tloc      #.......     96%         4    #####..
 Searing Ray              Conj           #.....       45%         2    ###....
 Summon Lightning Spire   Summ/Air       #.......     96%         4    #####..
 Poisonous Vapours        Pois/Air       #.....       45%         2    ###....


Dungeon Overview and Level Annotations

Branches:
Dungeon (15/15)            Temple (0/1) D:7            Lair (6/6) D:8
 Shoals (0/4) Lair:2        Snake (0/4) Lair:3        Slime (0/5) Lair:6
    Orc (2/2) D:11            Elf (3/3) Orc:2        Vaults (0/5) D:13
 Depths (0/5) D:15

Altars:
Cheibriados
Gozag
Hepliaklqana
Kikubaaqudgha
Okawaru
Qazlal
Trog
Uskayaw
Vehumet
Xom
Beogh

Shops:
D:8 *   Orc:2 *=(*[   Elf:2 **

Annotations:
D:13 exclusion: downstairs
Elf:3 1 exclusion


Innate Abilities, Weirdness & Mutations

You are too large for most types of armour.
You have claws for hands.
Your metabolism is lightning-fast.
You like to eat raw meat.
Your natural rate of healing is unusually fast.
You are covered in fur. (AC +1)
You have very tough skin. (AC +2)
You have a pair of small antennae on your head.
You have a somewhat thin skeletal structure. (Dex +2, Stealth)
Your spells are a little easier to cast, but a little less powerful.


Message History

You throw a steel javelin.
The steel javelin hits the deep elf annihilator!!
The deep elf annihilator is severely wounded.
The deep elf annihilator is engulfed in blazing flames.
A deep elf annihilator comes into view. It is wielding a glaive of distortion.
The deep elf annihilator gestures at you while chanting.
The bolt of lightning hits you!
* * * LOW HITPOINT WARNING * * *
Things that are here:
a ring mail; a dagger; Huge Dmg: -18%(-32hp) hp: 10%(16hp) Throwing (i - inventory. (/) - cycle)
N - 2 steel javelins (quivered)
Press: ? - help, Shift-Dir - straight line, f/p - deep elf annihilator
Aim: a deep elf annihilator, wielding a jewelled halberd {venom} (almost dead)
You throw a steel javelin.
The steel javelin hits the deep elf annihilator.
The deep elf annihilator is almost dead.
The deep elf annihilator gestures at you while chanting.
The poison arrow hits you!
You are poisoned.
You die...

***,,#.(e#,,***
***#.x§#*** ##§## #
#e# ####### ##)#
.##.⌠.## #)(#
.#.....# ##.##
.'..<.⌠# #.)#
.#.....# ##@.#
.##.⌠.###### ##...#
#######....###..###
####............#
#.........[..###
##...........##
.#...........#
.............#
.[...........#


You could see a deep elf annihilator and a crawling corpse.

Vanquished Creatures
  A bone dragon (D:13)
  2 deep elf blademasters
  Rupert (Lair:5)
  2 deep elf master archers (Elf:3)
  Agnes (D:15)
  4 deep elf sorcerers
  An orc warlord (Orc:2)
  2 deep elf elementalists (Elf:3)
  6 deep elf demonologists
  2 dire elephants (Lair:5)
  4 deep elf annihilators
  3 deep elf death magi (Elf:3)
  Josephine (Orc:1)
  11 deep elf high priests
  8 vault guards (D:13)
  12 centaur warriors
  5 hydras
  Erica (Orc:1)
  A death knight (D:13)
  10 two-headed ogres
  3 ogre magi
  5 catoblepae
  23 dancing weapons
  6 death yaks (Lair:6)
  A queen ant (Lair:3)
  3 orc high priests
  A tengu warrior (D:10)
  The ghost of Iratt the Grappler, a journeyman VSMo of Elyvilon (Lair:2)
  Sonja (Lair:2)
  7 deep elf knights
  2 skeletal warriors (D:15)
  A wizard (D:15)
  An unseen horror (D:12)
  3 deep elf archers
  2 wolf spider zombies
  2 necromancers
  10 orc knights
  9 ugly things
  3 orc sorcerers
  A mana viper (shapeshifter) (D:14)
  55 deep elf magi
  An oklob plant (Lair:6)
  A faun (shapeshifter) (D:14)
  8 cyclopes
  A merfolk siren (Lair:2)
  3 manticores
  A water nymph (shapeshifter) (D:14)
  The ghost of SushiGirl the Destroyer, a novice DECj (D:6)
  9 centaur zombies
  8 elephants
  A black mamba (shapeshifter) (Elf:1)
  A naga mage (D:15)
  2 molten gargoyles (Elf:2)
  8 black mambas
  19 centaur skeletons
  An ice statue (IceCv)
  4 gargoyles
  9 spiny frogs
  A komodo dragon (shapeshifter) (D:13)
  5 komodo dragons
  2 tengu conjurers
  2 redback zombies (D:14)
  5 rime drakes
  An efreet (D:14)
  11 freezing wraiths
  A kobold demonologist (D:14)
  A merfolk (Lair:2)
  4 meliai (D:13)
  A wolf spider simulacrum (D:14)
  2 polar bears
  A hornet (Lair:3)
  4 trolls
  A harpy skeleton (D:15)
  9 slime creatures
  11 hippogriffs
  Prince Ribbit (Lair:2)
  2 meliai zombies (D:13)
  13 blink frogs
  Sigmund (D:4)
  2 spriggans
  An air elemental (Elf:2)
  2 shadows
  3 vampires
  4 water elementals
  3 wraiths (Orc:1)
  5 wyverns
  31 yaks
  4 basilisks
  A fire elemental (Elf:3)
  7 hungry ghosts
  Menkaure (D:4)
  6 vampire mosquitoes
  2 death yak simulacra (IceCv)
  A naga (Lair:3)
  2 acid dragons (D:13)
  9 wargs
  22 water moccasins
  3 soldier ants (Lair:3)
  4 porcupines
  10 ice beasts
  6 black bears
  An alligator simulacrum (IceCv)
  An eye of draining (D:13)
  2 sky beasts
  42 orc warriors
  2 phantoms
  23 centaurs
  17 ogres
  A necrophage (D:14)
  9 wolves
  10 crocodiles
  5 big kobolds
  4 earth elementals
  19 bullfrogs
  6 scorpions
  20 killer bees
  5 wights (D:8)
  An elephant simulacrum (IceCv)
  3 howler monkeys
  6 electric eels
  11 crimson imps
  2 bullfrog zombies (D:13)
  A quasit (D:10)
  8 hounds
  19 orc priests
  A bullfrog skeleton (D:11)
  3 draconian simulacra (IceCv)
  4 jellies
  Crazy Yiuf (D:2)
  18 orc wizards
  5 iguanas
  Ijyb (D:3)
  Natasha (D:2)
  Terence (D:2)
  32 worker ants
  6 troll simulacra (IceCv)
  A killer bee zombie (D:9)
  2 centaur simulacra
  A hound zombie (D:7)
  A worker ant zombie (D:8)
  14 gnolls
  17 adders
  A howler monkey skeleton (D:7)
  7 naga simulacra (IceCv)
  3 ogre simulacra (IceCv)
  3 shadow imps
  12 white imps (IceCv)
  4 oozes (Lair:6)
  2 worms
  6 leopard geckos
  115 orcs
  4 bats (D:1)
  3 giant cockroaches
  14 goblins
  2 hobgoblins (D:1)
  4 jackals (D:5)
  5 quokkas
  6 frilled lizards
  A jackal skeleton (D:4)
  19 kobolds
  A leopard gecko skeleton (D:4)
  5 rats
  A crawling corpse (Elf:3)
  2 fungi
  A plant (D:3)
1052 creatures vanquished.

Vanquished Creatures (others)
  A hydra (D:14)
  A deep elf knight (Elf:1)
  A skeletal warrior (D:15)
  An unseen horror (D:13)
  10 fungi
  2 plants (Lair:6)
  8 toadstools (Lair:5)
24 creatures vanquished.

Grand Total: 1076 creatures vanquished

Notes
Turn   | Place    | Note
-------+----------+-------------------------------------------
     0 | D:1      | Lexodia the Troll Fighter began the quest for the Orb.
     0 | D:1      | Reached XP level 1. HP: 22/22 MP: 0/0
   103 | D:1      | Reached XP level 2. HP: 29/29 MP: 1/1
   674 | D:2      | Huge Dmg: 6 dmg
   674 | D:2      | Reached XP level 3. HP: 26/36 MP: 2/2
   755 | D:2      | Reached XP level 4. HP: 40/44 MP: 3/3
   757 | D:2      | Reached skill level 3 in Unarmed Combat
   863 | D:2      | Noticed Natasha
   870 | D:2      | Killed Natasha
   944 | D:2      | Found a shimmering altar of Xom.
   945 | D:2      | Found an ancient bone altar of Kikubaaqudgha.
  1051 | D:2      | Noticed Terence
  1061 | D:2      | Killed Terence
  1112 | D:2      | Found a runed door.
  1116 | D:2      | Noticed Crazy Yiuf
  1125 | D:2      | Killed Crazy Yiuf
  1125 | D:2      | Reached XP level 5. HP: 52/52 MP: 4/4
  1131 | D:2      | Huge Dmg: 21 dmg
  1318 | D:3      | Noticed Ijyb
  1327 | D:3      | Killed Ijyb
  1327 | D:3      | Reached skill level 1 in Evocations
  1860 | D:4      | Noticed Menkaure
  1865 | D:4      | Killed Menkaure
  1865 | D:4      | Reached skill level 4 in Unarmed Combat
  1865 | D:4      | Reached XP level 6. HP: 56/61 MP: 4/6
  1965 | D:4      | Noticed Sigmund
  1973 | D:4      | Killed Sigmund
  1973 | D:4      | Reached XP level 7. HP: 62/67 MP: 7/7
  2038 | D:4      | Reached skill level 5 in Unarmed Combat
  2253 | D:4      | Found an iron altar of Okawaru.
  2475 | D:5      | Entered Level 5 of the Dungeon
  2560 | D:4      | Became a worshipper of Warmaster Okawaru
  2591 | D:5      | Reached skill level 5 in Shields
  2752 | D:5      | Reached XP level 8. HP: 75/75 MP: 8/8
  2759 | D:5      | Reached skill level 6 in Unarmed Combat
  3217 | D:6      | Found a stormy altar of Qazlal.
  3237 | D:6      | Noticed a hippogriff
  3254 | D:6      | Killed a hippogriff
  3254 | D:6      | Reached * piety under Okawaru
  3256 | D:6      | Huge Dmg: 11 dmg
  3502 | D:6      | Reached skill level 7 in Unarmed Combat
  3695 | D:6      | Huge Dmg: 19 dmg
  3702 | D:6      | Huge Dmg: 11 dmg
  3961 | D:6      | Reached skill level 1 in Invocations
  4003 | D:6      | Found a transporter.
  4009 | D:6      | Found a transporter.
  4009 | D:6      | Noticed SushiGirl's ghost (novice DECj)
  4033 | D:6      | Huge Dmg: 16 dmg
  4035 | D:6      | Huge Dmg: 14 dmg
  4180 | D:6      | Reached XP level 9. HP: 81/81 MP: 7/10
  4181 | D:6      | Reached ** piety under Okawaru
  4185 | D:6      | Killed SushiGirl's ghost
  4189 | D:6      | Huge Dmg: 34 dmg
  4211 | D:6      | Huge Dmg: 17 dmg
  4212 | D:6      | Huge Dmg: 18 dmg
  4269 | D:6      | Found a hide-covered altar of Uskayaw.
  4491 | D:7      | Found a staircase to the Ecumenical Temple.
  4499 | D:7      | Reached skill level 8 in Unarmed Combat
  4618 | D:7      | Huge Dmg: 20 dmg
  4622 | D:7      | Huge Dmg: 20 dmg
  4818 | D:7      | Reached *** piety under Okawaru
  5005 | D:7      | Found a bloodstained altar of Trog.
  5489 | D:8      | Found a snail-covered altar of Cheibriados.
  5489 | D:8      | Found a hazy altar of Hepliaklqana.
  5502 | D:8      | Found a staircase to the Lair.
  5524 | D:8      | Reached XP level 10. HP: 66/91 MP: 12/12
  5526 | D:8      | Huge Dmg: 14 dmg
  5527 | D:8      | Huge Dmg: 10 dmg
  5533 | D:8      | Reached skill level 9 in Unarmed Combat
  5643 | D:8      | Noticed a two-headed ogre
  5654 | D:8      | Killed a two-headed ogre
  5680 | D:8      | Huge Dmg: 45 dmg
  5858 | D:8      | Found a radiant altar of Vehumet.
  5860 | D:8      | Received a gift from Okawaru
  5918 | D:8      | Found Ciomuj's General Store.
  5947 | D:8      | Bought a scroll of summoning for 104 gold pieces
  5947 | D:8      | Bought a scroll of fog for 22 gold pieces
  6099 | D:9      | Found an opulent altar of Gozag.
  6141 | D:9      | Reached **** piety under Okawaru
  6183 | D:9      | Huge Dmg: 19 dmg
  6186 | D:9      | Reached skill level 1 in Throwing
  6447 | D:9      | Huge Dmg: 19 dmg
  6450 | D:9      | Huge Dmg: 14 dmg
  6517 | D:9      | Noticed a two-headed ogre
  6520 | D:9      | Killed a two-headed ogre
  6520 | D:9      | Reached skill level 10 in Unarmed Combat
  6544 | D:9      | Reached ***** piety under Okawaru
  6544 | D:9      | Reached skill level 5 in Evocations
  6677 | D:10     | Entered Level 10 of the Dungeon
  6688 | D:10     | Huge Dmg: 16 dmg
  6789 | D:11     | Noticed a two-headed ogre
  6792 | D:11     | Huge Dmg: 19 dmg
  6793 | D:11     | Huge Dmg: 29 dmg
  6793 | D:11     | Killed a two-headed ogre
  6793 | D:11     | Received a gift from Okawaru
  6793 | D:11     | Reached XP level 11. HP: 46/97 MP: 13/13
  6830 | D:11     | Reached skill level 1 in Armour
  6848 | D:11     | Noticed a red ugly thing
  6849 | D:11     | Huge Dmg: 18 dmg
  6850 | D:11     | Huge Dmg: 12 dmg
  6857 | D:10     | Huge Dmg: 5 dmg
  7078 | D:10     | Huge Dmg: 20 dmg
  7258 | D:10     | Huge Dmg: 37 dmg
  7304 | D:10     | Huge Dmg: 50 dmg
  7304 | D:10     | Reached skill level 5 in Invocations
  7314 | D:10     | Huge Dmg: 16 dmg
  7393 | D:10     | Huge Dmg: 22 dmg
  7656 | D:10     | Noticed a tengu warrior
  7663 | D:10     | Huge Dmg: 21 dmg
  7663 | D:10     | Killed a tengu warrior
  7989 | D:12     | Reached skill level 11 in Unarmed Combat
  8052 | D:12     | Noticed a two-headed ogre
  8056 | D:12     | Huge Dmg: 29 dmg
  8057 | D:12     | Huge Dmg: 16 dmg
  8057 | D:12     | Killed a two-headed ogre
  8110 | D:11     | Killed a red ugly thing
  8118 | D:11     | Huge Dmg: 16 dmg
  8121 | D:11     | Huge Dmg: 11 dmg
  8123 | D:11     | Huge Dmg: 10 dmg
  8275 | D:11     | Got a brightly glowing cloak {god gift}
  8286 | D:11     | Identified the +0 cloak "Juluapayh" {rC+ rN++ Int-3 SInv} (Okawaru gifted it to you on level 11 of the Dungeon)
  8383 | D:11     | Found a roughly hewn altar of Beogh.
  8383 | D:11     | Found a staircase to the Orcish Mines.
  8413 | D:11     | Huge Dmg: 25 dmg
  8415 | D:11     | Received a gift from Okawaru
  8429 | D:11     | Got a smoking quarterstaff {god gift}
  8435 | D:11     | Identified the +9 quarterstaff of Forgiveness {drain, *Drain Str+3 Dex+3} (Okawaru gifted it to you on level 11 of the Dungeon)
  8503 | D:11     | Reached XP level 12. HP: 42/109 MP: 14/14
  8703 | D:11     | Huge Dmg: 28 dmg
  8705 | D:11     | Huge Dmg: 6 dmg
  8989 | D:11     | Huge Dmg: 22 dmg
  9086 | Lair:1   | Entered Level 1 of the Lair of Beasts
  9136 | Lair:1   | Noticed a five-headed hydra
  9139 | Lair:1   | Killed a five-headed hydra
  9139 | Lair:1   | Reached skill level 5 in Fighting
  9139 | Lair:1   | Reached skill level 5 in Dodging
  9347 | Lair:1   | Huge Dmg: 29 dmg
  9349 | Lair:1   | Reached skill level 12 in Unarmed Combat
  9566 | Lair:2   | Noticed an eight-headed hydra
  9567 | Lair:2   | Huge Dmg: 24 dmg
  9568 | Lair:2   | Huge Dmg: 27 dmg
  9579 | Lair:2   | Huge Dmg: 20 dmg
  9584 | Lair:2   | HP: 5/111 [eight-headed hydra (8)]
  9586 | Lair:1   | Huge Dmg: 26 dmg
  9769 | Lair:1   | Huge Dmg: 31 dmg
  9770 | Lair:1   | Huge Dmg: 58 dmg
  9771 | Lair:1   | Killed an eight-headed hydra
  9771 | Lair:1   | Reached skill level 5 in Throwing
  9947 | Lair:2   | Found a large runed door.
  9948 | Lair:2   | Found a large runed door.
  9966 | Lair:2   | Noticed Iratt's ghost (journeyman VSMo)
  9973 | Lair:2   | Killed Iratt's ghost
 10022 | Lair:2   | Huge Dmg: 23 dmg
 10048 | Lair:2   | Noticed Sonja
 10054 | Lair:2   | Killed Sonja
 10222 | Lair:2   | Huge Dmg: 18 dmg
 10229 | Lair:2   | Received a gift from Okawaru
 10267 | Lair:2   | Found the +8 whip "Snakebite" {curare, rPois}
 10342 | Lair:2   | Reached ****** piety under Okawaru
 10419 | Lair:2   | Noticed Prince Ribbit
 10434 | Lair:2   | Killed Prince Ribbit
 10661 | Lair:2   | Huge Dmg: 22 dmg
 10740 | Lair:2   | Found a staircase to the Shoals.
 10754 | Lair:2   | Reached skill level 13 in Unarmed Combat
 10845 | Lair:3   | Huge Dmg: 15 dmg
 10862 | Lair:2   | Reached XP level 13. HP: 28/120 MP: 15/15
 12267 | Lair:3   | Huge Dmg: 26 dmg
 12279 | Lair:3   | Huge Dmg: 16 dmg
 12286 | Lair:3   | Huge Dmg: 16 dmg
 12300 | Lair:3   | Huge Dmg: 9 dmg
 12606 | Lair:3   | Received a gift from Okawaru
 12651 | Lair:3   | Huge Dmg: 60 dmg
 12876 | Lair:3   | Found a staircase to the Snake Pit.
 13187 | Lair:4   | Huge Dmg: 23 dmg
 13192 | Lair:4   | Huge Dmg: 14 dmg
 13193 | Lair:4   | Huge Dmg: 12 dmg
 13195 | Lair:4   | Huge Dmg: 8 dmg
 13197 | Lair:4   | Huge Dmg: 4 dmg
 13276 | Lair:4   | Received a gift from Okawaru
 13738 | Lair:5   | Huge Dmg: 17 dmg
 13741 | Lair:5   | Received a gift from Okawaru
 13806 | Lair:5   | Noticed Rupert
 13813 | Lair:5   | Killed Rupert
 13813 | Lair:5   | Received a gift from Okawaru
 13813 | Lair:5   | Reached skill level 14 in Unarmed Combat
 13980 | Lair:5   | Found a frozen archway.
 13998 | IceCv    | Entered an ice cave
 14006 | IceCv    | Huge Dmg: 25 dmg
 14012 | IceCv    | Huge Dmg: 20 dmg
 14281 | IceCv    | Found an ancient bone altar of Kikubaaqudgha.
 15094 | Lair:5   | Reached XP level 14. HP: 121/133 MP: 16/16
 15118 | Lair:5   | Found a runed door.
 15453 | Lair:5   | Huge Dmg: 27 dmg
 15549 | Lair:6   | Entered Level 6 of the Lair of Beasts
 15562 | Lair:5   | Received a gift from Okawaru
 15715 | Lair:6   | Found a staircase to the Slime Pits.
 15969 | Lair:6   | Huge Dmg: 23 dmg
 15972 | Lair:6   | Reached skill level 15 in Unarmed Combat
 15973 | Lair:6   | Huge Dmg: 15 dmg
 15975 | Lair:6   | Huge Dmg: 18 dmg
 15992 | Lair:6   | Huge Dmg: 12 dmg
 16000 | Lair:6   | Huge Dmg: 14 dmg
 16225 | Lair:6   | Huge Dmg: 33 dmg
 16226 | Lair:6   | Huge Dmg: 22 dmg
 17297 | D:13     | Huge Dmg: 25 dmg
 17301 | D:13     | Received a gift from Okawaru
 17303 | D:13     | Got a warped quick blade {god gift}
 17304 | D:13     | Identified the +11 quick blade "Qies Waha" {pierce, -Tele +Fly rPois MP+9} (Okawaru gifted it to you on level 13 of the Dungeon)
 17365 | D:13     | Found a flagged portal.
 17451 | Bailey   | Entered a bailey
 17591 | Bailey   | Identified a scroll of acquirement
 17665 | Bailey   | Huge Dmg: 36 dmg
 17670 | Bailey   | Huge Dmg: 22 dmg
 17759 | D:13     | Found a gate to the Vaults.
 17821 | D:13     | Received a gift from Okawaru
 17832 | D:13     | Reached XP level 15. HP: 110/145 MP: 15/17
 18067 | D:13     | Huge Dmg: 32 dmg
 18208 | D:13     | Reached skill level 16 in Unarmed Combat
 18243 | D:13     | Noticed a bone dragon
 18244 | D:13     | Found the +9 sword of Zonguldrok {reap}
 18259 | D:13     | Killed a bone dragon
 18623 | D:13     | Reached skill level 5 in Armour
 18657 | D:13     | Gained mutation: Your spells are a little easier to cast, but a little less powerful. [potion of mutation]
 18657 | D:13     | Gained mutation: You have a somewhat thin skeletal structure. (Dex +2, Stealth) [potion of mutation]
 18657 | D:13     | Gained mutation: You have a pair of small antennae on your head. [potion of mutation]
 18752 | D:13     | Received a gift from Okawaru
 18980 | D:13     | Huge Dmg: 22 dmg
 19071 | D:14     | Received a gift from Okawaru
 19097 | D:14     | Huge Dmg: 37 dmg
 19100 | D:14     | Huge Dmg: 18 dmg
 19102 | D:14     | Huge Dmg: 27 dmg
 19103 | D:14     | Huge Dmg: 12 dmg
 19107 | D:14     | Received a gift from Okawaru
 19128 | D:14     | Huge Dmg: 10 dmg
 19128 | D:14     | Got a pitted cloak {god gift}
 19130 | D:14     | Huge Dmg: 9 dmg
 19337 | D:14     | Got a crude lapis lazuli ring
 19429 | D:13     | Identified the +0 cloak of Uceid {Int+2 SInv} (Okawaru gifted it to you on level 14 of the Dungeon)
 19440 | D:13     | Identified the ring of the Princeling {Fire Dex+2 Stlth+} (You found it on level 14 of the Dungeon)
 19480 | D:14     | Got a transparent tin ring
 19561 | D:14     | Identified the cursed ring "Hoed" {Str+2 Dex-5} (You took it off a centaur on level 14 of the Dungeon)
 19658 | D:14     | Reached skill level 17 in Unarmed Combat
 19729 | D:14     | Got an ancient robe
 19730 | D:14     | Identified the +0 robe of the Shrike {rN+} (You took it off an efreet on level 14 of the Dungeon)
 20279 | D:15     | Entered Level 15 of the Dungeon
 20287 | D:15     | Reached XP level 16. HP: 156/156 MP: 15/18
 20317 | D:15     | Paralysed by an ogre mage for 2 turns
 20355 | D:15     | Huge Dmg: 45 dmg
 20451 | D:15     | Received a gift from Okawaru
 20906 | D:15     | Noticed Agnes
 20914 | D:15     | Killed Agnes
 21074 | D:15     | Found a staircase to the Depths.
 21336 | Orc:1    | Entered Level 1 of the Orcish Mines
 21394 | Orc:1    | Noticed Erica
 21398 | Orc:1    | Killed Erica
 21499 | Orc:1    | Noticed Josephine
 21506 | Orc:1    | Killed Josephine
 21725 | Orc:2    | Entered Level 2 of the Orcish Mines
 21789 | Orc:2    | Found Pesahum's Practical Paraphernalia.
 21905 | Orc:2    | Huge Dmg: 31 dmg
 21971 | Orc:2    | Found Imof's Antique Weapon Emporium.
 22003 | Orc:2    | Found Jissuin's Jewellery Emporium.
 22051 | Orc:2    | Found a staircase to the Elven Halls.
 22058 | Orc:2    | Found Aroin's Antique Armour Boutique.
 22329 | Orc:2    | Found Wusutaz's General Store.
 22801 | Elf:1    | Entered Level 1 of the Elven Halls
 22820 | Elf:1    | Reached skill level 18 in Unarmed Combat
 23597 | Elf:1    | Received a gift from Okawaru
 23709 | Elf:2    | Reached XP level 17. HP: 123/162 MP: 19/19
 23872 | Elf:2    | Reached skill level 10 in Armour
 23873 | Elf:2    | Reached skill level 10 in Throwing
 23947 | Elf:2    | Found Wack's General Store.
 24197 | Elf:2    | Found Loniytt's Elven Fire.
 24400 | Elf:2    | Found a huge runed gate.
 24408 | Elf:2    | Found a huge runed gate.
 24408 | Elf:2    | Found a huge runed gate.
 24408 | Elf:2    | Found a huge runed gate.
 24410 | Elf:2    | Found a huge runed gate.
 24446 | Elf:2    | Noticed a deep elf blademaster
 24460 | Elf:2    | Killed a deep elf blademaster
 24460 | Elf:2    | Received a gift from Okawaru
 24937 | Elf:3    | Entered Level 3 of the Elven Halls
 25128 | Elf:3    | Received a gift from Okawaru
 25253 | Elf:3    | Huge Dmg: 34 dmg
 25260 | Elf:3    | Reached skill level 19 in Unarmed Combat
 25263 | Elf:3    | Huge Dmg: 22 dmg
 25541 | Elf:3    | Huge Dmg: 51 dmg
 25617 | Elf:3    | Huge Dmg: 33 dmg
 25619 | Elf:3    | Huge Dmg: 13 dmg
 25620 | Elf:3    | Huge Dmg: 12 dmg
 26353 | Elf:3    | Noticed a deep elf master archer
 26356 | Elf:3    | Noticed a deep elf blademaster
 26362 | Elf:3    | Killed a deep elf blademaster
 26362 | Elf:3    | Received a gift from Okawaru
 26368 | Elf:3    | Killed a deep elf master archer
 26369 | Elf:3    | Reached XP level 18. HP: 137/172 MP: 20/20
 26374 | Elf:3    | Received a gift from Okawaru
 26390 | Elf:3    | Huge Dmg: 23 dmg
 26396 | Elf:3    | Huge Dmg: 30 dmg
 26403 | Elf:3    | Huge Dmg: 32 dmg
 26403 | Elf:3    | Killed from afar by a deep elf annihilator

Vault maps used:
D:1:      minmay_arrival_plants_in_alcoves, minmay_gold_behind_fungi,
          minivault_27, minmay_crystal_room
D:2:      gammafunk_temple_overflow_pools, serial_curves, eino_curves_01,
          eino_curves_04, minivault_24, roderic_roman_lattice, uniq_terence,
          uniq_natasha, uniq_crazy_yiuf_cottage
D:3:      cheibrodos_old_hovel, kennysheep_doodads, minmay_stone_trees_small,
          uniq_ijyb
D:4:      okawaru_metal_pillars_1_2, first_ration, uniq_menkaure, uniq_sigmund
D:5:      hangedman_minor_gate_pass
D:6:      overflow_temple_1_default, kennysheep_mini_moat,
          gammafunk_ghost_arena, centaur_isle
D:7:      minmay_temple_entry_statues, bloody_trog
D:8:      vehumet_altar_wand_db, gammafunk_temple_overflow_elements,
          erik_lair_orcish_takeover, serial_shops, shop
D:9:      lemuel_crystal_altar
D:10:     grunt_tengu_nest
D:11:     david_orc_5
D:13:     four-leaf_vault, erik_vaults_2, lightli_bailey_entry_fortress,
          minmay_guarded_unrand_zonguldrok
D:14:     minmay_the_grid_square_5x5_4x4_mashed, minmay_misc_feat_rugged,
          minmay_strange_pillars, serial_park_tiny_pond, kennysheep_inner_square
D:15:     grunt_enter_depths_magical_seal, minivault_4, uniq_agnes
Lair:1:   grunt_forest_large_clearing_hut
Lair:2:   minmay_guarded_unrand_snakebite, elwin_shoals_entry_rooms,
          ebering_ghost_disaster_area, serial_bayou_lagoon_a,
          cheibrodos_lair_caveside_slide, uniq_prince_ribbit2, uniq_sonja
Lair:3:   guppyfry_snake_entry_island, minmay_another_anthill,
          infiniplex_staircase_pool, grunt_megastairs_5
Lair:4:   serial_bayou_lake_a
Lair:5:   gammafunk_lair_enchanted_lake, portal_ice_cave_rime,
          forest_entry_grove, infiniplex_staircase_pool_2, uniq_rupert
Lair:6:   evilmike_catoblepas_cave, nicolae_slime_entry_slimehenge
Orc:1:    uniq_erica, uniq_josephine
Orc:2:    grunt_orc_gardens, grunt_orc_garden, grunt_orc_garden,
          grunt_orc_garden, grunt_orc_garden, nicolae_alphabet_shops
Elf:1:    elf_arrival_002, kennysheep_underground_church
Elf:2:    serial_shops, nicolae_shop_trees, guppyfry_elf_lava
Elf:3:    minmay_elf_hall_not_hex, grunt_megastairs_3
Bailey:   bailey_polearm_5, bailey
IceCv:    ice_cave_small_necro

Skill      XL: |  1  2  3  4  5  6  7  8  9 10 11 12 13 14 15 16 17 |
---------------+----------------------------------------------------+-----
Shields        | 3 4 5 6 7 8 9 |  9.5
Unarmed Combat | 3 4 5 7 8 10 11 13 14 15 17 18 19 | 19.3
Dodging        | 3 4 6 7 8 9 |  9.5
Evocations     | 1 2 3 4 5 |  5.0
Fighting       | 3 4 6 7 8 9 |  9.5
Invocations    | 1 3 4 5 |  5.1
Throwing       | 2 4 6 7 9 10 | 10.8
Armour         | 1 2 7 9 11 | 11.4

Action                   |  1- 3 |  4- 6 |  7- 9 | 10-12 | 13-15 | 16-18 || total
-------------------------+-------+-------+-------+-------+-------+-------++-------
Melee: Unarmed           |    70 |    88 |   271 |   644 |  1073 |   672 ||  2818
       Punch             |       |       |       |     1 |       |       ||     1
Throw: Large rock        |       |       |       |    31 |    51 |   157 ||   239
       Javelin           |       |       |       |       |    55 |     4 ||    59
       Tomahawk          |       |       |       |       |    17 |       ||    17
       Stone             |       |       |       |       |     3 |       ||     3
Invok: Heroism           |       |       |     2 |    11 |    31 |    21 ||    65
       Finesse           |       |       |       |       |     4 |       ||     4
 Abil: Evoke Berserk Rag |       |       |     1 |     1 |       |       ||     2
       Evoke Flight      |       |       |       |       |     1 |       ||     1
Evoke: Wand              |       |       |       |     1 |    20 |     6 ||    27
       Lamp of fire      |       |       |       |       |       |     1 ||     1
  Use: Scroll            |       |       |    11 |     2 |    29 |     8 ||    50
       Potion            |       |       |       |     4 |    18 |     1 ||    23
 Stab: Invisible         |       |       |       |       |     6 |       ||     6
       Petrified         |       |       |       |       |     5 |       ||     5
       Sleeping          |       |       |       |       |     1 |       ||     1
       Petrifying        |       |       |       |       |     1 |       ||     1
  Eat: Chunk             |     7 |    17 |    31 |    67 |    99 |    50 ||   271
Armor: Robe              |    16 |     9 |    42 |    99 |    67 |       ||   233
       Skin              |       |       |       |     6 |       |       ||     6
       Acid dragon scale |       |       |       |       |    12 |       ||    12
       Ice dragon scales |       |       |       |       |   194 |   142 ||   336
Dodge: Dodged            |    32 |    15 |    81 |   233 |   329 |   189 ||   879
Block: Shield            |    35 |    30 |   177 |   401 |   696 |   363 ||  1702

Table legend:
 A = Spawn XP
 B = Non-spawn XP
 C = Spawn XP percentage of total XP
 D = Spawn monster count
 E = Non-spawn monster count
 F = Spawn count percentage of total count
 G = Total turns spent on level
                    A         B        C        D         E        F      G
               +---------+---------+-------+---------+---------+-------+---------
         Total |       0 |  301592 |   0.0 |       0 |    1051 |   0.0 | 26403
               +---------+---------+-------+---------+---------+-------+---------
           D:1 |       0 |      27 |   0.0 |       0 |      18 |   0.0 |   494
           D:2 |       0 |     203 |   0.0 |       0 |      14 |   0.0 |   695
           D:3 |       0 |     119 |   0.0 |       0 |      22 |   0.0 |   889
           D:4 |       0 |     776 |   0.0 |       0 |      16 |   0.0 |   676
           D:5 |       0 |     536 |   0.0 |       0 |      19 |   0.0 |   675
           D:6 |       0 |    2569 |   0.0 |       0 |      28 |   0.0 |  1610
           D:7 |       0 |    1187 |   0.0 |       0 |      29 |   0.0 |  1077
           D:8 |       0 |    3196 |   0.0 |       0 |      43 |   0.0 |  1085
           D:9 |       0 |    2479 |   0.0 |       0 |      30 |   0.0 |   687
          D:10 |       0 |    5029 |   0.0 |       0 |      31 |   0.0 |  1235
          D:11 |       0 |    5400 |   0.0 |       0 |      64 |   0.0 |  1062
          D:12 |       0 |    3781 |   0.0 |       0 |      15 |   0.0 |   259
          D:13 |       0 |   39222 |   0.0 |       0 |     107 |   0.0 |  1601
          D:14 |       0 |   22189 |   0.0 |       0 |      58 |   0.0 |  1257
          D:15 |       0 |   21621 |   0.0 |       0 |      37 |   0.0 |   977
        Lair:1 |       0 |    4088 |   0.0 |       0 |      13 |   0.0 |   818
        Lair:2 |       0 |    9297 |   0.0 |       0 |      42 |   0.0 |  1281
        Lair:3 |       0 |    8710 |   0.0 |       0 |      49 |   0.0 |  1057
        Lair:4 |       0 |    3689 |   0.0 |       0 |      19 |   0.0 |   602
        Lair:5 |       0 |   13120 |   0.0 |       0 |      29 |   0.0 |  1324
        Lair:6 |       0 |   16593 |   0.0 |       0 |      48 |   0.0 |  1108
         Orc:1 |       0 |    3969 |   0.0 |       0 |      26 |   0.0 |   476
         Orc:2 |       0 |   11366 |   0.0 |       0 |      58 |   0.0 |   989
         Elf:1 |       0 |   23565 |   0.0 |       0 |      44 |   0.0 |   876
         Elf:2 |       0 |   40712 |   0.0 |       0 |      54 |   0.0 |  1297
         Elf:3 |       0 |   47398 |   0.0 |       0 |      44 |   0.0 |  1429
        Bailey |       0 |    4230 |   0.0 |       0 |      40 |   0.0 |   275
         IceCv |       0 |    6521 |   0.0 |       0 |      54 |   0.0 |   592
               +---------+---------+-------+---------+---------+-------+---------
